 Dungeon Crawl Stone Soup version 0.27.1-34-g3ba077fa99 (webtiles) character file.

Game seed: 6384943619999665921

412 KamiKatze the Shield-Bearer (level 6, -9/39 HPs)
             Began as a Gargoyle Fighter on Jan 10, 2022.
             Was an Initiate of Okawaru.
             Killed from afar by a white imp (12 damage)
             ... with a puff of frost
             ... on level 4 of the Dungeon.
             The game lasted 00:10:47 (2928 turns).

KamiKatze the Shield-Bearer (Gargoyle Fighter)      Turns: 2928, Time: 00:10:48

Health: -9/39      AC: 12    Str: 21    XL:     6   Next: 90%
Magic:  6/6        EV:  7    Int:  9    God:    Okawaru [......]
Gold:   162        SH: 10    Dex: 15    Spells: 5/5 levels left

rFire    . . .     SeeInvis .   a - +0 war axe
rCold    . . .     Faith    .   c - +0 kite shield
rNeg     + . .     Spirit   .   b - +0 scale mail
rPois    ∞         Reflect  .   i - +0 helmet
rElec    +         Harm     .   (no cloak)
rCorr    .         Rampage  .   (no gloves)
Will     .....                  (no boots)
Stlth    ..........             (no amulet)
HPRegen  0.13/turn              g - +6 ring of dexterity
MPRegen  0.10/turn              (no ring)

@: no status effects
A: sickness immunity, AC +4, negative energy resistance 1, electricity
resistance, torment resistance 1, petrification resistance
a: Renounce Religion


You were on level 4 of the Dungeon.
You worshipped Okawaru.
Okawaru was noncommittal.
You visited 1 branch of the dungeon, and saw 4 of its levels.

You collected 162 gold pieces.

Inventory:

Hand Weapons
 a - a +0 war axe (weapon)
Missiles
 j - 83 stones
 q - 18 poisoned darts (quivered)
Armour
 b - a +0 scale mail (worn)
 c - a +0 kite shield (worn)
 i - a +0 helmet (worn)
 v - a +0 pair of boots
Jewellery
 g - a +6 ring of dexterity (left hand)
Wands
 t - a wand of digging (4)
Scrolls
 f - a scroll of summoning {unknown}
 h - a scroll of magic mapping {unknown}
 k - 3 scrolls of identify {unknown}
 m - a scroll of fear {unknown}
 n - 2 scrolls of teleportation {unknown}
 o - a scroll of enchant weapon {unknown}
 p - a scroll of immolation {unknown}
Potions
 d - a potion of might
 e - a potion of mutation {unknown}
 l - 2 potions of lignification {unknown}
 r - 2 potions of degeneration {unknown}
 s - 3 potions of curing {unknown}
 u - a potion of flight {unknown}
 w - a potion of attraction {unknown}
 x - a potion of brilliance {unknown}


   Skills:
 + Level 4.4 Fighting
 * Level 4.0 Axes
 + Level 4.4 Armour
 * Level 5.4 Shields


You had 5 spell levels left.
You didn't know any spells.
Your spell library contained the following spells:

 Spells                   Type           Power      Damage    Failure   Level
 Animate Skeleton         Necr           0%         N/A       98%         1
 Pain                     Necr           0%         1d4       98%         1
 Vampiric Draining        Necr           0%         2d6       100%        3
 Summon Ice Beast         Ice/Summ       0%         N/A       100%        4
 Summon Mana Viper        Hex/Summ       0%         N/A       100%        5
 Monstrous Menagerie      Summ           0%         N/A       100%        7


Dungeon Overview and Level Annotations

Branches:
Dungeon (4/15)
 Temple: D:4-7

Altars:
Okawaru
Uskayaw

Shops:
D:2 =


Innate Abilities, Weirdness & Mutations

You are immune to sickness and miasma.
Your stone body is resilient. (AC +4)
You are immune to poison.
You resist negative energy. (rN+)
You are resistant to electric shocks. (rElec)
You are resistant to unholy torment.
You are immune to petrification.


Message History

* * * LOW HITPOINT WARNING * * *
You hit the ogre but do no damage.
The ogre is severely wounded.
You barely miss the white imp. You hit the scorpion.
The ogre looks more healthy.
You block the scorpion's attack. You block the white imp's attack.
The ogre hits you with a +0 giant club!
* * * LOW HITPOINT WARNING * * *
You block the scorpion's attack.
You slash the ogre!
You kill the ogre!
Okawaru accepts your kill.
You hit the white imp but do no damage. You barely miss the scorpion.
You block the white imp's attack. You block the scorpion's attack.
The white imp gestures at you. You block the puff of frost.
The scorpion stings you but does no damage.
You slash the scorpion!
You kill the scorpion!
Okawaru accepts your kill.
You hit the white imp. The white imp gestures at you.
The puff of frost hits you.
* * * LOW HITPOINT WARNING * * *
Your Axes skill increases to level 4!
You hit the white imp.
The white imp is severely wounded.
The white imp picks up a beetle and eats it.
The white imp gestures at you. You block the puff of frost.
The white imp hits you but does no damage.
You barely miss the white imp.
The white imp is severely wounded.
The white imp gestures at you.
The puff of frost hits you but does no damage.
You barely miss the white imp.
The white imp is severely wounded.
The white imp hits you but does no damage.
The white imp gestures at you. The puff of frost hits you!
You die...

#.##..#.#...........#
# #.>#.#...........#
##...............#
#...#...#######.#
#...<.[## ...
#..#.#.# ..
#..#.#.#####
...###..#.5.....###
....(....#.)@.......
..(.###..(.†.....###
.. #.##.......#
##......#### #......#
#......# #......#
#####.## .#


You could see a white imp.

Vanquished Creatures
  A sky beast (D:3)
  An ogre (D:4)
  A scorpion (D:4)
  An orc priest (D:3)
  An orc wizard (D:4)
  3 adders
  An adder skeleton (D:4)
  4 worms
  A dart slug (D:2)
  8 orcs
  4 ball pythons
  4 endoplasms
  5 giant cockroaches
  9 goblins
  3 hobgoblins
  3 quokkas
  3 bats
  3 frilled lizards (D:1)
  8 kobolds
  6 rats
70 creatures vanquished.

Notes
Turn   | Place    | Note
-------+----------+-------------------------------------------
     0 | D:1      | KamiKatze the Gargoyle Fighter began the quest for the Orb.
     0 | D:1      | Reached XP level 1. HP: 14/14 MP: 1/1
   315 | D:1      | Reached XP level 2. HP: 15/19 MP: 2/2
   980 | D:2      | Found Utigafua's Jewellery Boutique.
  1018 | D:2      | Reached XP level 3. HP: 3/23 MP: 3/3
  1639 | D:2      | Reached skill level 4 in Shields
  1671 | D:2      | Reached XP level 4. HP: 23/29 MP: 4/4
  1818 | D:2      | Found a faded altar of an unknown god.
  2162 | D:3      | Reached XP level 5. HP: 33/33 MP: 5/5
  2538 | D:3      | Noticed a sky beast
  2550 | D:3      | Killed a sky beast
  2707 | D:3      | Found an iron altar of Okawaru.
  2710 | D:3      | Became a worshipper of Warmaster Okawaru
  2721 | D:3      | Found a hide-covered altar of Uskayaw.
  2787 | D:4      | Reached XP level 6. HP: 38/38 MP: 6/6
  2807 | D:3      | Reached skill level 5 in Shields
  2928 | D:4      | Killed from afar by a white imp

Illustrated notes

Levels and vault maps discovered:
D:1:      dpeg_arrival_oval, layout_loops_ring, patterned_corridor
D:2:      layout_basic, shapermc_ecumenical_altar_petra, serial_shops, shop,
          grunt_ministairs_1, nrook_mini_backslash, minmay_tetromino_l2
D:3:      cheibrodos_old_hovel, layout_rooms, mainiacjoe_overflow_swirl,
          wad_floor_pattern_1, kennysheep_generic_room_12
D:4:      layout_basic, minmay_misc_feat_five, uniq_blork_the_orc

Skill      XL: |  1  2  3  4  5  6 |
---------------+-------------------+-----
Axes           | 2 3 4 |  4.0
Shields        | 4 5 |  5.4
Fighting       | 4 |  4.4
Armour         | 4 |  4.4

Action                   |  1- 3 |  4- 6 || total
-------------------------+-------+-------++-------
Melee: War axe           |   132 |   105 ||   237
Throw: Dart              |       |     3 ||     3
Armor: Scale mail        |    81 |    69 ||   150
Dodge: Dodged            |    35 |    30 ||    65
Block: Kite shield       |    75 |    81 ||   156
